 Dungeon Crawl Stone Soup version 0.29.1-2-gbd0b4ee654 (webtiles) character file.

Game seed: 14760314915592636191

470 qeuew the Trooper (level 7, 0/61 HPs)
             Began as a Hill Orc Fighter on Nov 15, 2022.
             Slain by a scorpion (2 damage)
             ... on level 4 of the Dungeon.
             The game lasted 00:03:04 (3055 turns).

qeuew the Trooper (Hill Orc Fighter)                Turns: 3055, Time: 00:03:08

Health: 0/61       AC:  9    Str: 19    XL:     7   Next: 9%
Magic:  7/7        EV: 10    Int:  8    God:
Gold:   106        SH:  5    Dex: 12    Spells: 6/6 levels left

rFire   . . .      SeeInvis .   a - +0 war axe
rCold   . . .      Faith    .   c - +0 buckler
rNeg    + . .      Spirit   .   b - +0 scale mail
rPois   .          Reflect  .   (no helmet)
rElec   .          Harm     .   (no cloak)
rCorr   .          Rampage  .   i - +1 pair of gloves
Will    .....                   (no boots)
Stlth   ..........              (no amulet)
HPRegen 0.20/turn               k - ring of positive energy
MPRegen 0.10/turn               (no ring)

@: mighty, lethally poisoned (0 -> -7), weakened
A: no striking features
a: no special abilities


You were on level 4 of the Dungeon.
You visited 1 branch of the dungeon, and saw 4 of its levels.

You collected 106 gold pieces.

Inventory:

Hand Weapons
 a - a +0 war axe (weapon)
Armour
 b - a +0 scale mail (worn)
 c - a +0 buckler (worn)
 i - a +1 pair of gloves (worn)
Jewellery
 k - a ring of positive energy (left hand)
Wands
 e - a wand of mindburst (12) (quivered)
 j - a wand of charming (8)
Scrolls
 h - 2 scrolls of teleportation
 m - a scroll of identify
Potions
 d - a potion of might
 g - a potion of resistance
 l - a potion of mutation {unknown}
 n - a potion of haste {unknown}


   Skills:
 + Level 5.0 Fighting
 + Level 4.6 Axes
 + Level 4.6 Armour
 + Level 2.2 Dodging
 + Level 4.6 Shields
 + Level 2.3 Evocations


You had 6 spell levels left.
You didn't know any spells.
Your spell library contained the following spells:

 Spells                   Type           Power      Damage    Failure   Level
 Confusing Touch          Hex            0%         N/A       99%         3
 Ozocubu's Armour         Ice            0%         N/A       99%         3
 Metabolic Englaciation   Hex/Ice        0%         N/A       100%        5
 Yara's Violent Unravell  Hex/Tmut       0%         3d3       100%        5
 Simulacrum               Ice/Necr       0%         N/A       100%        6
 Enfeeble                 Hex            0%         N/A       100%        7


Dungeon Overview and Level Annotations

Branches:
Dungeon (4/15)
 Temple: D:4-7

Altars:
Uskayaw


Message History

Unknown command.
You barely miss the gnoll bouda.
The gnoll bouda is heavily wounded.
You hit the scorpion. The scorpion barely misses you.
The gnoll bouda barely misses you.
Unknown command.
You slash the gnoll bouda!
The gnoll bouda is almost dead.
You slash the scorpion! You block the scorpion's attack.
The gnoll bouda gazes fiercely through you!
You feel your attacks grow feeble.
The gnoll bouda hits you with a +0 club!
* * * LOW HITPOINT WARNING * * *
The scorpion stings you but does no damage.
Okay, then.
You feel very mighty all of a sudden. The scorpion misses you.
The gnoll bouda utters an invocation to its god.
The gnoll bouda is healed somewhat.
You hit the gnoll bouda.
The gnoll bouda is almost dead.
You hit the scorpion. The scorpion stings you.
* * * LOW HITPOINT WARNING * * *
The gnoll bouda gazes fiercely through you!
You feel as though you will be weak longer.
The gnoll bouda barely misses you.
The scorpion stings you but does no damage.
The gnoll bouda hits you with a +0 club!
* * * LOW HITPOINT WARNING * * *
You feel better. The scorpion stings you.
* * * LOW HITPOINT WARNING * * *
You are lethally poisoned!
The scorpion poisons you! You block the gnoll bouda's attack.
You hit the gnoll bouda but do no damage.
The gnoll bouda is almost dead.
You closely miss the scorpion.
* * * LOW HITPOINT WARNING * * *
You feel very sick. The scorpion stings you.
You die...

.####...#....
.(....#....##
..##.#.....#
#.>......... #.##.#.....
#......... #.#...#####
#@........#
#.....sg##.####.########
##########.# #.........
#.# ########## #.# # #.#
# ..# # ###


You could see a gnoll bouda and a scorpion.

Vanquished Creatures
  Grinder (D:3)
  A phantom (D:4)
  An iguana (D:4)
  7 adders
  5 gnolls
  An orc (D:3)
  11 bats
  6 endoplasms
  8 giant cockroaches
  12 goblins
  7 hobgoblins
  4 jackals
  3 quokkas
  8 ball pythons
  A frilled lizard (D:3)
  5 kobolds
  8 rats
89 creatures vanquished.

Notes
Turn   | Place    | Note
-------+----------+-------------------------------------------
     0 | D:1      | qeuew the Hill Orc Fighter began the quest for the Orb.
     0 | D:1      | Reached XP level 1. HP: 19/19 MP: 1/1
   132 | D:1      | Reached XP level 2. HP: 16/27 MP: 2/2
   364 | D:1      | Reached XP level 3. HP: 28/33 MP: 3/3
   441 | D:1      | Reached skill level 4 in Fighting
   895 | D:2      | Reached skill level 1 in Dodging
  1128 | D:2      | Reached XP level 4. HP: 40/40 MP: 4/4
  1866 | D:3      | Reached skill level 1 in Evocations
  2011 | D:3      | Reached XP level 5. HP: 39/46 MP: 5/5
  2202 | D:3      | Noticed Grinder
  2219 | D:3      | Killed Grinder
  2220 | D:3      | Reached XP level 6. HP: 25/53 MP: 6/6
  2663 | D:3      | Found a faded altar of an unknown god.
  2858 | D:4      | Found a hide-covered altar of Uskayaw.
  3032 | D:4      | Reached XP level 7. HP: 58/60 MP: 7/7
  3035 | D:4      | Reached skill level 5 in Fighting
  3055 | D:4      | HP: 2/61 [poisoned by a scorpion]
  3055 | D:4      | Slain by a scorpion

Illustrated notes

Levels and vault maps discovered:
D:1:      eino_arrival_cavern_e, layout_rooms, chequers_serial_rivers_micro_a,
          chequers_garden
D:2:      layout_basic
D:3:      layout_basic, ebering_ecumenical_altar_sacrificial, solitary_fountain,
          uniq_grinder
D:4:      layout_loops_ring, chequers_temple_overflow_statue_of_worship,
          nicolae_uskayaw_murder_on_the_dancefloor, dk_vineyard_2

Skill      XL: |  1  2  3  4  5  6  7 |
---------------+----------------------+-----
Axes           | 3 4 |  4.6
Fighting       | 4 5 |  5.0
Dodging        | 1 2 |  2.2
Evocations     | 1 2 |  2.3
Armour         | 4 |  4.6
Shields        | 4 |  4.6

Action                   |  1- 3 |  4- 6 |  7- 9 || total
-------------------------+-------+-------+-------++-------
Melee: War axe           |    91 |   152 |    21 ||   264
Evoke: Wand              |       |     3 |       ||     3
  Use: Scroll            |     3 |     3 |       ||     6
       Potion            |     1 |     3 |     2 ||     6
Armor: Scale mail        |    46 |    60 |     9 ||   115
Dodge: Dodged            |    60 |    78 |    20 ||   158
Block: Buckler           |    28 |    48 |    12 ||    88
